 Dungeon Crawl Stone Soup version 0.26.0-45-g9c1d065592 (webtiles) character file.

Game seed: 7184904683910077168

216 kaeus the Sneak (level 5, -2/33 HPs)
             Began as an Octopode Enchanter on Jan 29, 2021.
             Was an Initiate of Wu Jian.
             Slain by an ooze (4 damage)
             ... on level 3 of the Dungeon.
             The game lasted 00:03:01 (3469 turns).

kaeus the Sneak (Octopode Enchanter)                Turns: 3469, Time: 00:03:02

Health: -2/33      AC:  1    Str:  7    XL:     5   Next: 93%
Magic:  8/8        EV: 14    Int: 17    God:    Wu Jian [......]
Gold:   167        SH:  0    Dex: 14    Spells: 8/9 levels left

rFire    . . .     SeeInvis .   a - +1 dagger
rCold    . . .     Faith    .   (no shield)
rNeg     . . .     Spirit   .   (helmet restricted)
rPois    .         Reflect  .   (no amulet)
rElec    .         Harm     .   (no ring)
rCorr    .         Rampage  .   (no ring)
Will     .....                  (no ring)
Stlth    ++++......             (no ring)
HPRegen  0.11/turn              (no ring)
MPRegen  0.11/turn              (no ring)
                                (no ring)
                                (no ring)

@: no status effects
A: almost no armour, stealthy swim, amphibious, 8 rings, constrict 8, camouflage
1, gelatinous body 1
a: Renounce Religion


You were on level 3 of the Dungeon.
You worshipped Wu Jian.
Wu Jian was noncommittal.
You visited 1 branch of the dungeon, and saw 3 of its levels.

You collected 167 gold pieces.

Inventory:

Hand Weapons
 a - a +1 dagger (weapon)
Missiles
 j - 24 poisoned darts
Scrolls
 b - 2 scrolls of identify {unknown}
 d - 2 scrolls of teleportation
 m - a scroll of fear {unknown}
Potions
 c - a potion of heal wounds {unknown}
 e - a potion of haste
 f - a potion of degeneration {unknown}
 g - a potion of attraction
 h - a potion of berserk rage {unknown}
 i - a potion of lignification


   Skills:
 + Level 1.5 Fighting
 + Level 2.0 Short Blades
 + Level 2.6 Dodging
 * Level 5.9 Stealth
 + Level 2.5 Spellcasting
 * Level 4.1 Hexes


You had 8 spell levels left.
You knew the following spells:

 Your Spells              Type           Power        Failure   Level
a - Corona                Hex            17%          3%          1

Your spell library contained the following spells:

 Spells                   Type           Power        Failure   Level
 Confusing Touch          Hex            16%          10%         3
 Tukima's Dance           Hex            16%          10%         3
 Ensorcelled Hibernation  Hex/Ice        18%          12%         2
 Dazzling Flash           Conj/Hex       18%          24%         3


Dungeon Overview and Level Annotations

Branches:
Dungeon (3/15)

Altars:
Wu Jian
Xom


Innate Abilities, Weirdness & Mutations

You cannot wear most types of armour.
You are very stealthy in the water. (Stealth+)
You are amphibious.
You can wear up to eight rings at the same time.
You can use your tentacles to constrict eight enemies at once.
Your skin changes colour to match your surroundings (Stealth+).
Your rubbery body absorbs attacks. (AC +1, EV +1)


Message History

You see here a rat skeleton.
You hit the fungus.
The fungus begins to die.
You grab the fungus. You squeeze the fungus.
The fungus is lightly damaged.
You constrict the fungus. The ooze hits you. The ooze closely misses you.
You take 5 damage, and have 10/33 hp.
You hit the fungus.
The fungus is lightly damaged.
You constrict the fungus. The ooze hits you.
* * * LOW HITPOINT WARNING * * *
The ooze hits you.
* * * LOW HITPOINT WARNING * * *
You take 3 damage, and have 7/33 hp.
You release your grip on the fungus.
The ooze hits you.
* * * LOW HITPOINT WARNING * * *
You take 5 damage, and have 2/33 hp.
There is an open door here.
It was a potion of cancellation.
You feel magically purged.
A nearby fungus withers and dies.
The ooze misses you. The ooze hits you.
You die...

#.......##.#
#.#
#..[....##.#
#.#
#.......##.#
#.#
#....(..##..
#.#
#.[..####
#.#
#....'..##
########(#
##†..(((##
##@########
#J.JP÷...÷#
#.........#
#........J#
#...÷.÷...#
#....÷P.P.#
#...P.P÷P)#
###########


You could see a jelly (asleep) and 2 oozes.

Vanquished Creatures
  A bullfrog (D:2)
  A jelly (D:3)
  2 adders
  6 oozes
  A worm (D:2)
  2 dart slugs (D:1)
  A leopard gecko (D:1)
  3 ball pythons
  4 bats
  5 giant cockroaches
  9 goblins
  2 hobgoblins (D:2)
  6 jackals
  11 kobolds
  2 quokkas (D:2)
  8 frilled lizards
  8 rats
72 creatures vanquished.

Vanquished Creatures (others)
  A fungus (D:3)
  8 toadstools (D:3)
9 creatures vanquished.

Grand Total: 81 creatures vanquished

Notes
Turn   | Place    | Note
-------+----------+-------------------------------------------
     0 | D:1      | kaeus the Octopode Enchanter began the quest for the Orb.
     0 | D:1      | Reached XP level 1. HP: 11/11 MP: 3/3
   148 | D:1      | Reached XP level 2. HP: 17/17 MP: 5/5
   700 | D:1      | Reached XP level 3. HP: 21/22 MP: 6/6
  1407 | D:2      | Noticed a bullfrog
  1422 | D:1      | Reached skill level 5 in Stealth
  1447 | D:1      | HP: 1/22 [poisoned by an adder]
  2032 | D:2      | Reached XP level 4. HP: 27/27 MP: 7/7
  2112 | D:2      | Killed a bullfrog
  2113 | D:2      | Reached skill level 1 in Fighting
  2113 | D:2      | Reached XP level 5. HP: 11/33 MP: 8/8
  2971 | D:2      | Found a shimmering altar of Xom.
  2972 | D:2      | Found an ornate altar of the Wu Jian Council.
  3166 | D:2      | Became a worshipper of the Wu Jian Council
  3469 | D:3      | Slain by an ooze

Illustrated notes

Levels and vault maps discovered:
D:1:      dpeg_arrival_arbitrary_b, layout_loops_ring,
          chequers_serial_rivers_micro_b
D:2:      layout_basic, gammafunk_temple_overflow_statue, minmay_tiny_reverse_x
D:3:      cheibrodos_fertilizer, layout_basic, minitemple

Skill      XL: |  1  2  3  4  5 |
---------------+----------------+-----
Stealth        | 5 |  5.9
Fighting       | 1 |  1.5
Hexes          | 4 |  4.1
Short Blades   | 2 |  2.0
Dodging        | |  2.6
Spellcasting   | |  2.5

Action                   |  1- 3 |  4- 6 || total
-------------------------+-------+-------++-------
Melee: Dagger            |    78 |   118 ||   196
       Tentacles         |    12 |     9 ||    21
       Constrict         |    17 |    16 ||    33
Invok: Lunge             |       |     4 ||     4
  Use: Scroll            |     5 |       ||     5
       Potion            |       |     4 ||     4
 Stab: Sleeping          |    14 |     7 ||    21
Armor: Skin              |     6 |    24 ||    30
Dodge: Dodged            |    45 |    60 ||   105
